 Dungeon Crawl Stone Soup version 0.28.0-1-gb440e238dd (webtiles) character file.

Game seed: 4349492528564642903

1318 Hasart the Carver (level 8, -9/64 HPs)
             Began as a Barachi Berserker on Feb 21, 2022.
             Was a Believer of Trog.
             Mangled by an ogre (21 damage)
             ... on level 6 of the Dungeon.
             The game lasted 00:10:45 (6322 turns).

Hasart the Carver (Barachi Berserker)               Turns: 6322, Time: 00:10:46

Health: -9/64      AC: 10    Str: 20    XL:     8   Next: 59%
Magic:  8/8        EV: 11    Int:  7    God:    Trog [**....]
Gold:   235        SH:  5    Dex: 13    Spells: 7/7 levels left

rFire   . . .      SeeInvis .   p - +0 long sword
rCold   + . .      Faith    .   (no shield)
rNeg    . . .      Spirit   .   u - +0 scale mail
rPois   +          Reflect  +   (no helmet)
rElec   .          Harm     .   (no cloak)
rCorr   .          Rampage  .   (no gloves)
Will    .....                   t - +2 pair of boots
Stlth   ..........              r - amulet of reflection
HPRegen 0.20/turn               f - ring of protection from cold
MPRegen 0.11/turn               j - ring of poison resistance

@: slow
A: amphibious, slowness 1, strong legs 1, +LOS
a: Hop, Renounce Religion, Berserk, Trog's Hand


You were on level 6 of the Dungeon.
You worshipped Trog.
Trog was pleased with you.
You visited 1 branch of the dungeon, and saw 6 of its levels.

You collected 235 gold pieces.

Inventory:

Hand Weapons
 a - a +0 falchion
 p - a +0 long sword (weapon)
Armour
 b - a +0 animal skin
 t - a +2 pair of boots (worn)
 u - a +0 scale mail (worn)
Jewellery
 f - a ring of protection from cold (left hand)
 j - a ring of poison resistance (right hand)
 r - an amulet of reflection (around neck)
 v - an amulet of guardian spirit
Wands
 m - a wand of iceblast (8)
 o - a wand of flame (25)
Scrolls
 c - a scroll of amnesia {unknown}
 d - a scroll of brand weapon {unknown}
 g - 3 scrolls of enchant armour {unknown}
 h - 4 scrolls of identify {unknown}
 i - 3 scrolls of blinking {unknown}
 l - 2 scrolls of teleportation {unknown}
 n - a scroll of enchant weapon {unknown}
 s - 2 scrolls of immolation {unknown}
 w - a scroll of silence {unknown}
Potions
 e - a potion of haste {unknown}
 k - a potion of might {unknown}
 q - 2 potions of curing {unknown}


   Skills:
 + Level 6.1 Fighting
 * Level 8.0 Long Blades
 + Level 5.5 Armour
 + Level 5.0 Dodging
 + Level 3.8 Evocations


You had 7 spell levels left.
You didn't know any spells.
Your spell library was empty.

Dungeon Overview and Level Annotations

Branches:
Dungeon (6/15)             Temple (0/1) D:5

Altars:
Elyvilon
Kikubaaqudgha
Yredelemnul

Shops:
D:1 =   D:3 [

Annotations:
D:5 3 runed translucent doors, Golzeb's ghost, novice DrCj
D:6 Menkaure


Innate Abilities, Weirdness & Mutations

You are amphibious.
You cover ground slowly.
You can hop short distances.
You have an extended range of vision and can be seen from far away.


Message History

You slash the gnoll!
You kill the gnoll!
Trog accepts your kill.
The gnoll sergeant hits you but does no damage.
The gnoll sergeant barely misses you.
Items here: $ ( ) †.
You barely miss the gnoll sergeant.
The gnoll sergeant hits you but does no damage.
You closely miss the gnoll sergeant. The gnoll sergeant barely misses you.
You hit the gnoll sergeant.
The gnoll sergeant is lightly wounded.
A gnoll comes into view. It is wielding a +0 flail.
The gnoll sergeant closely misses you.
You hit the gnoll sergeant but do no damage.
The gnoll sergeant is lightly wounded.
The gnoll sergeant closely misses you.
You hit the gnoll sergeant.
The gnoll sergeant is lightly wounded.
Menkaure calls on the powers of darkness!
The gnoll convulses! x5; The gnoll sergeant convulses!
Your body is wracked with pain!
You block the gnoll sergeant's attack.
A gnoll comes into view. It is wielding a +0 spear.
You are too injured to fight recklessly!
You are too injured to fight recklessly!
You are too injured to fight recklessly!
You are too injured to fight recklessly!
The gnoll sergeant barely misses you.
The gnoll shouts!
Menkaure calls on the powers of darkness!
The gnoll convulses! x4; The gnoll sergeant convulses!
Your body is wracked with pain!
* * * LOW HITPOINT WARNING * * *
The gnoll sergeant hits you from afar with a +0 spear.
* * * LOW HITPOINT WARNING * * *
The gnoll sergeant closely misses you.
You see here 2 bubbling green potions.
An ogre comes into view. It is wielding a +0 giant club.
The ogre shouts!
The ogre hits you with a +0 giant club!!
You die...

#[# #.....######### #)#
##........(.## #)#
####.#####..# #)# #.# ###.####
##.######## #.####.......
#.........# #............
.......#.......# ######.......
#####.##.†.....########.(......
#.. ###...#@........).......
#.# #.#g##O.#####(........ #.
#..#.# #.##.....####### #.
#..#.# #....##.## #
#..#g####>.# #.# ...#gg#
##.....# #...##g# ..####
....##.# .# ..... #g# ..


You could see an ogre.

Vanquished Creatures
  Grinder (D:4)
  Sigmund (D:4)
  A shadow (D:6)
  A sky beast (D:5)
  An ogre (D:5)
  A necrophage (D:6)
  A scorpion (D:5)
  2 centaur zombies
  A hound (D:5)
  2 gnoll shamans (D:6)
  5 iguanas
  A howler monkey zombie (D:5)
  4 gnolls (D:6)
  5 adders
  2 white imps (D:6)
  An ufetubus (D:5)
  2 worms (D:2)
  4 dart slugs
  8 orcs
  9 endoplasms
  3 giant cockroaches
  7 goblins
  11 hobgoblins
  7 jackals
  7 quokkas
  5 ball pythons
  5 bats
  5 kobolds
  4 rats
107 creatures vanquished.

Vanquished Creatures (others)
  45 plants (D:6)
45 creatures vanquished.

Grand Total: 152 creatures vanquished

Notes
Turn   | Place    | Note
-------+----------+-------------------------------------------
     0 | D:1      | Hasart the Barachi Berserker began the quest for the Orb.
     0 | D:1      | Reached XP level 1. HP: 18/18 MP: 1/1
   200 | D:1      | Reached XP level 2. HP: 25/25 MP: 2/2
   261 | D:1      | Reached skill level 4 in Long Blades
   265 | D:1      | HP: 1/25 [hobgoblin (2)]
   762 | D:1      | Reached XP level 3. HP: 28/30 MP: 3/3
   864 | D:1      | Found a faded altar of an unknown god.
   869 | D:1      | Found Vink's One-of-a-Kind Rings.
   919 | D:1      | Reached ** piety under Trog
  1170 | D:2      | Found a basalt altar of Yredelemnul.
  1306 | D:2      | Reached XP level 4. HP: 29/37 MP: 4/4
  2447 | D:3      | Found Wagasuf's Armour Boutique.
  2952 | D:3      | Reached XP level 5. HP: 37/43 MP: 5/5
  3402 | D:4      | Reached *** piety under Trog
  3476 | D:4      | Reached skill level 5 in Long Blades
  4049 | D:4      | Noticed Sigmund
  4053 | D:4      | Noticed Grinder
  4054 | D:4      | Killed Sigmund
  4054 | D:4      | Paralysed by Grinder for 7 turns
  4055 | D:4      | Reached skill level 1 in Evocations
  4055 | D:4      | Reached XP level 6. HP: 50/50 MP: 6/6
  4063 | D:4      | Paralysed by Grinder for 5 turns
  4094 | D:4      | Killed Grinder
  4095 | D:4      | Reached skill level 5 in Fighting
  4095 | D:4      | Reached skill level 6 in Long Blades
  4095 | D:4      | Reached XP level 7. HP: 18/56 MP: 7/7
  4451 | D:5      | Entered Level 5 of the Dungeon
  4644 | D:5      | Found a white marble altar of Elyvilon.
  4743 | D:5      | Found a staircase to the Ecumenical Temple.
  4816 | D:5      | Found a runed translucent gate.
  4816 | D:5      | Found a runed translucent gate.
  4816 | D:5      | Found a runed translucent gate.
  4818 | D:5      | Noticed Golzeb's ghost (novice DrCj)
  5116 | D:5      | Reached skill level 7 in Long Blades
  5438 | D:5      | Reached skill level 5 in Armour
  5438 | D:5      | Reached XP level 8. HP: 47/64 MP: 8/8
  5618 | D:5      | Found an ancient bone altar of Kikubaaqudgha.
  5790 | D:6      | Noticed a shadow
  5809 | D:6      | Killed a shadow
  6232 | D:6      | Reached skill level 5 in Dodging
  6241 | D:6      | Reached skill level 8 in Long Blades
  6300 | D:6      | Noticed Menkaure
  6322 | D:6      | Mangled by an ogre

Illustrated notes

Levels and vault maps discovered:
D:1:      eino_arrival_cavern_a, layout_basic,
          shapermc_ecumenical_altar_notcrosses, serial_park_tiny_pond,
          nicolae_shop_unique_rings, minmay_misc_feat_rows,
          chequers_serial_rivers_small_3
D:2:      layout_basic, basic_altar, grunt_ministairs_7, serial_bayou_pond_e
D:3:      layout_basic, serial_shops, nicolae_shop_window_shopping,
          columned_hall_lemuel
D:4:      layout_basic, chequers_jeans, minmay_misc_feat_iff, feat_on_display,
          uniq_grinder, uniq_sigmund
D:5:      layout_cave_pools, kiku_gazebo_garden_becter, temple_fountains,
          gammafunk_ghost_split, serial_park, serial_park_tiny_1,
          serial_park_gazebo [serial_park_minivault_5x5_4], serial_park_tiny_2,
          kennysheep_diamond, lemuel_old_faithful
D:6:      kennysheep_housing_project, layout_rooms, serial_shops,
          nicolae_diamond_shop, nicolae_grassy_gnolls, uniq_menkaure,
          uniq_duvessa

Skill      XL: |  1  2  3  4  5  6  7  8 |
---------------+-------------------------+-----
Long Blades    | 4 5 6 7 8 |  8.0
Fighting       | 4 5 6 |  6.1
Armour         | 3 4 5 |  5.5
Dodging        | 3 4 5 |  5.0
Evocations     | 1 2 3 |  3.8

Action                   |  1- 3 |  4- 6 |  7- 9 || total
-------------------------+-------+-------+-------++-------
Melee: Falchion          |   106 |    93 |       ||   199
       Punch             |     1 |     1 |     2 ||     4
       Long sword        |       |    47 |   148 ||   195
Invok: Berserk           |     1 |     4 |     2 ||     7
       Trog's Hand       |     1 |     3 |       ||     4
 Stab: Sleeping          |     1 |       |       ||     1
Armor: Animal skin       |    21 |    19 |     7 ||    47
       Scale mail        |       |       |    38 ||    38
Dodge: Dodged            |    79 |    88 |   113 ||   280
Block: Other             |       |       |    35 ||    35
       Reflection        |       |       |     1 ||     1
